SNL (28 & UNDER)
SALEM SILVER SOULS @ WEST VIRGINIA POWER
09/22/2026
 
TOP OF THE 1ST
Salem Silver Souls batting - Pitching for West Virginia Power : RHP Xavier Castañera
Pitching: RHP Xavier Castañera
Batting: LHB Nick Scott 0-0: Called Strike
0-1: Foul Ball, location: 2F
0-2: Strikes out swinging
Batting: RHB Ron Edwards 0-0: Called Strike
0-1: Swinging Strike
0-2: Ball
1-2: Strikes out swinging
Batting: LHB Lyle Wilson 0-0: Called Strike
0-1: Ball
1-1: Fly out, F2 (Popup, 2LF)
Top of the 1st over - 0 run(s), 0 hit(s), 0 error(s), 0 left on base; Salem 0 - West Virginia 0
BOTTOM OF THE 1ST
West Virginia Power batting - Pitching for Salem Silver Souls : LHP Francisco Nieto
Pitching: LHP Francisco Nieto
Batting: RHB Pablo Sandoval 0-0: Swinging Strike
0-1: Swinging Strike
0-2: Ball
1-2: Foul Ball, location: 2F
1-2: Strikes out swinging
Batting: RHB Dave McGrath 0-0: Ball
1-0: Foul Ball, location: 2F
1-1: Ball
2-1: Called Strike
2-2: Ball
3-2: Base on Balls
Batting: RHB Ben Dougherty 0-0: Ball
Passed Ball!
Dave McGrath to second
1-0: Ball
2-0: Called Strike
2-1: Ball
3-1: Base on Balls
Batting: RHB Will Lott 0-0: Called Strike
Dave McGrath steals 3rd base
Ben Dougherty to second
0-1: Swinging Strike
0-2: Ball
1-2: Fly out, F8 (Flyball, 8RXD)
Runner from 3rd tags up, SCORES, no throw
Batting: RHB Tony Parker 0-0: Ball
1-0: Ball
2-0: Ball
3-0: Called Strike
3-1: Base on Balls
Batting: LHB Héctor Soto 0-0: Called Strike
0-1: Called Strike
0-2: Ball
1-2: Strikes out swinging
Bottom of the 1st over - 1 run(s), 0 hit(s), 0 error(s), 2 left on base; Salem 0 - West Virginia 1
TOP OF THE 2ND
Salem Silver Souls batting - Pitching for West Virginia Power : RHP Xavier Castañera
Batting: LHB Millard Dye 0-0: Called Strike
0-1: Called Strike
0-2: Ball
1-2: Foul Ball, location: 2F
1-2: Ball
2-2: Foul Ball, location: 2F
2-2: SINGLE (Flyball, 6MD)
Batting: RHB Gustavo Pagán 0-0: Ball
1-0: 2-RUN HOME RUN (Flyball, 7D), Distance : 376 ft
Batting: RHB Gabriel Miranda 0-0: Foul Ball, location: 2F
0-1: Foul Ball, location: 2F
0-2: Ball
1-2: Ball
2-2: Strikes out swinging
Batting: RHB Jack Snyder 0-0: Called Strike
0-1: SINGLE (Groundball, 56D)
Batting: RHB Augusto Baiano 0-0: Ball
1-0: Ball
2-0: Swinging Strike
2-1: Fly out, F9 (Flyball, 9LM)
Batting: SHB Francis Shaffer 0-0: Foul Ball, location: 2F
0-1: Swinging Strike
0-2: Strikes out looking
Top of the 2nd over - 2 run(s), 3 hit(s), 0 error(s), 1 left on base; Salem 2 - West Virginia 1
BOTTOM OF THE 2ND
West Virginia Power batting - Pitching for Salem Silver Souls : LHP Francisco Nieto
Batting: RHB Jesse McKnight 0-0: Ball
1-0: Ball
2-0: Called Strike
2-1: Ball
3-1: Base on Balls
Batting: RHB Len Burke 0-0: Ball
1-0: Called Strike
1-1: Ball
2-1: Grounds into double play, 6-4-3 (Groundball, 6)
Batting: LHB Júlio Martínez 0-0: Fly out, F9 (Flyball, 89M)
Bottom of the 2nd over - 0 run(s), 0 hit(s), 0 error(s), 0 left on base; Salem 2 - West Virginia 1
TOP OF THE 3RD
Salem Silver Souls batting - Pitching for West Virginia Power : RHP Xavier Castañera
Batting: LHB Nick Scott 0-0: Foul Ball, location: 2F
0-1: Ball
1-1: Foul Ball, location: 2F
1-2: Strikes out swinging
Batting: RHB Ron Edwards 0-0: Ground out 6-3 (Groundball, 6)
Batting: LHB Lyle Wilson 0-0: Ball
1-0: Fly out, F7 (Flyball, 7M)
Top of the 3rd over - 0 run(s), 0 hit(s), 0 error(s), 0 left on base; Salem 2 - West Virginia 1
BOTTOM OF THE 3RD
West Virginia Power batting - Pitching for Salem Silver Souls : LHP Francisco Nieto
Batting: RHB Pablo Sandoval 0-0: SINGLE (Line Drive, 4D)
Batting: RHB Dave McGrath 0-0: Ball
1-0: Foul Ball, location: 2F
1-1: Foul Ball, location: 2F
1-2: Ball
2-2: Ball
3-2: Base on Balls
Pablo Sandoval to second
Batting: RHB Ben Dougherty 0-0: Called Strike
Pablo Sandoval steals 3rd base
Dave McGrath to second
0-1: SINGLE (Line Drive, 34D)
Pablo Sandoval scores
Dave McGrath to third
Batting: RHB Will Lott 0-0: 3-RUN HOME RUN (Flyball, 7D), Distance : 374 ft
Batting: RHB Tony Parker 0-0: Foul Ball, location: 2F
0-1: SINGLE (Line Drive, 34D)
Batting: LHB Héctor Soto 0-0: Foul Ball, location: 2F
0-1: Grounds into double play, 5-4-3 (Groundball, 5)
Batting: RHB Jesse McKnight 0-0: Foul Ball, location: 2F
0-1: Called Strike
0-2: Ball
1-2: Foul Ball, location: 2F
1-2: Foul Ball, location: 2F
1-2: Ball
2-2: Strikes out swinging
Bottom of the 3rd over - 4 run(s), 4 hit(s), 0 error(s), 0 left on base; Salem 2 - West Virginia 5
TOP OF THE 4TH
Salem Silver Souls batting - Pitching for West Virginia Power : RHP Xavier Castañera
Batting: LHB Millard Dye 0-0: Foul Ball, location: 2F
0-1: Foul Ball, location: 2F
0-2: Strikes out swinging
Batting: RHB Gustavo Pagán 0-0: Called Strike
0-1: Swinging Strike
0-2: Foul Ball, location: 2F
0-2: Foul Ball, location: 2F
0-2: Strikes out swinging
Batting: RHB Gabriel Miranda 0-0: Ball
1-0: Called Strike
1-1: Ball
2-1: Ball
3-1: Foul Ball, location: 2F
3-2: Strikes out swinging
Top of the 4th over - 0 run(s), 0 hit(s), 0 error(s), 0 left on base; Salem 2 - West Virginia 5
BOTTOM OF THE 4TH
West Virginia Power batting - Pitching for Salem Silver Souls : LHP Francisco Nieto
Batting: RHB Len Burke 0-0: Called Strike
0-1: SINGLE (Line Drive, 8LS)
Batting: LHB Júlio Martínez 0-0: Called Strike
0-1: Ball
1-1: Swinging Strike
1-2: Fielders Choice at 2nd, 2-6 (Groundball, 2L)
Batting: RHB Pablo Sandoval 0-0: Called Strike
0-1: Ball
1-1: Ball
2-1: Ball
3-1: Fly out, F3 (Popup, 3F)
Batting: RHB Dave McGrath 0-0: Ball
1-0: Called Strike
1-1: Ground out 4-3 (Groundball, 34)
Bottom of the 4th over - 0 run(s), 1 hit(s), 0 error(s), 1 left on base; Salem 2 - West Virginia 5
TOP OF THE 5TH
Salem Silver Souls batting - Pitching for West Virginia Power : RHP Xavier Castañera
Batting: RHB Jack Snyder 0-0: Ball
1-0: Ball
2-0: Called Strike
2-1: Ground out 5-3 (Groundball, 5)
Batting: RHB Augusto Baiano 0-0: Foul Ball, location: 2F
0-1: Ball
1-1: Swinging Strike
1-2: Ball
2-2: Foul Ball, location: 2F
2-2: Foul Ball, location: 2F
2-2: Strikes out swinging
Batting: SHB Francis Shaffer 0-0: Ball
1-0: Called Strike
1-1: Foul Ball, location: 2F
1-2: Ball
2-2: Foul Ball, location: 2F
2-2: Ball
3-2: Base on Balls
Batting: LHB Nick Scott 0-0: Ball
1-0: Called Strike
1-1: Ball
2-1: Ball
3-1: Foul Ball, location: 2F
3-2: Foul Ball, location: 2F
3-2: Strikes out swinging
Top of the 5th over - 0 run(s), 0 hit(s), 0 error(s), 1 left on base; Salem 2 - West Virginia 5
BOTTOM OF THE 5TH
West Virginia Power batting - Pitching for Salem Silver Souls : LHP Francisco Nieto
Batting: RHB Ben Dougherty 0-0: Called Strike
0-1: Foul Ball, location: 2F
0-2: Ground out 6-3 (Groundball, 6)
Batting: RHB Will Lott 0-0: Ground out 5-3 (Groundball, 56)
Batting: RHB Tony Parker 0-0: Ball
1-0: SINGLE (Flyball, 8RS)
Batting: LHB Héctor Soto 0-0: Called Strike
0-1: Swinging Strike
0-2: Ball
1-2: Ball
2-2: Foul Ball, location: 2F
2-2: Ball
3-2: Foul Ball, location: 2F
3-2: Base on Balls
Tony Parker to second
Batting: RHB Jesse McKnight 0-0: Fly out, F7 (Line Drive, 7LM)
Bottom of the 5th over - 0 run(s), 1 hit(s), 0 error(s), 2 left on base; Salem 2 - West Virginia 5
TOP OF THE 6TH
Salem Silver Souls batting - Pitching for West Virginia Power : RHP Xavier Castañera
Batting: RHB Ron Edwards 0-0: SINGLE (Flyball, 8RS)
Batting: LHB Lyle Wilson 0-0: Called Strike
Ron Edwards steals 2nd base
0-1: SINGLE (Groundball, 56D)
Ron Edwards to third
Pitching: LHP Roberto Aguilar
Batting: LHB Millard Dye 0-0: SINGLE (Groundball, 6M)
Ron Edwards scores
Lyle Wilson to second
Runner from 2nd tries for 3rd, SAFE, no throw or cutoff
Batting: RHB Gustavo Pagán 0-0: Called Strike
0-1: Swinging Strike
0-2: Foul Ball, location: 2F
0-2: Ball
1-2: Foul Ball, location: 2F
1-2: Strikes out swinging
Batting: RHB Gabriel Miranda 0-0: Ball
1-0: Foul Ball, location: 2F
1-1: Swinging Strike
1-2: Grounds into double play, 6-4-3 (Groundball, 6)
Top of the 6th over - 1 run(s), 3 hit(s), 0 error(s), 1 left on base; Salem 3 - West Virginia 5
BOTTOM OF THE 6TH
West Virginia Power batting - Pitching for Salem Silver Souls : LHP Francisco Nieto
Batting: RHB Len Burke 0-0: Ball
1-0: Called Strike
1-1: Called Strike
1-2: Strikes out swinging
Batting: LHB Júlio Martínez 0-0: Ground out U3 (Groundball, 3S)
Batting: RHB Pablo Sandoval 0-0: Ball
1-0: Called Strike
1-1: Ball
2-1: Foul Ball, location: 2F
2-2: Ball
3-2: Fly out, F8 (Flyball, 8LS)
Bottom of the 6th over - 0 run(s), 0 hit(s), 0 error(s), 0 left on base; Salem 3 - West Virginia 5
TOP OF THE 7TH
Salem Silver Souls batting - Pitching for West Virginia Power : LHP Roberto Aguilar
Batting: RHB Jack Snyder 0-0: Called Strike
0-1: Ball
1-1: Called Strike
1-2: Foul Ball, location: 2F
1-2: Ball
2-2: Ball
3-2: Base on Balls
Batting: RHB Augusto Baiano 0-0: Bunted foul
0-1: Bunted foul
0-2: Ball
1-2: Ball
2-2: Foul Ball, location: 2F
2-2: Foul Ball, location: 2F
2-2: Foul Ball, location: 2F
2-2: Fielders Choice at 2nd, 4-6 (Groundball, 4M)
Batting: SHB Francis Shaffer 0-0: Ball
1-0: Swinging Strike
1-1: Foul Ball, location: 2F
1-2: Ball
2-2: Strikes out looking
Batting: LHB Nick Scott 0-0: Ball
1-0: SINGLE (Line Drive, 6M)
Augusto Baiano to second
Batting: RHB Ron Edwards 0-0: Ball
1-0: Ball
2-0: Ball
3-0: Called Strike
3-1: Called Strike
3-2: Fly out, F9 (Line Drive, 9M)
Top of the 7th over - 0 run(s), 1 hit(s), 0 error(s), 2 left on base; Salem 3 - West Virginia 5
BOTTOM OF THE 7TH
West Virginia Power batting - Pitching for Salem Silver Souls : LHP Francisco Nieto
Pitching: RHP Pat Wyatt
Batting: RHB Dave McGrath 0-0: Ball
1-0: Ball
2-0: Ball
3-0: Base on Balls
Batting: RHB Ben Dougherty 0-0: Called Strike
0-1: Foul Ball, location: 2F
0-2: Ball
1-2: Strikes out swinging
Batting: RHB Will Lott 0-0: Ball
1-0: Ball
2-0: Swinging Strike
2-1: Swinging Strike
2-2: Strikes out swinging
Batting: RHB Tony Parker 0-0: Ball
1-0: Ball
2-0: Ball
3-0: Foul Ball, location: 2F
3-1: Foul Ball, location: 2F
3-2: Base on Balls
Dave McGrath to second
Pinch Hitting: RHB Roberto Tobías 0-0: Ball
1-0: Fly out, F8 (Flyball, 8RXD)
Bottom of the 7th over - 0 run(s), 0 hit(s), 0 error(s), 2 left on base; Salem 3 - West Virginia 5
TOP OF THE 8TH
Salem Silver Souls batting - Pitching for West Virginia Power : LHP Roberto Aguilar
Now in LF: Aaron Murray
Batting: LHB Lyle Wilson 0-0: Foul Ball, location: 2F
0-1: Called Strike
0-2: Foul Ball, location: 2F
0-2: Ball
1-2: Ball
2-2: Strikes out swinging
Batting: LHB Millard Dye 0-0: Swinging Strike
0-1: Swinging Strike
0-2: SINGLE (Groundball, 34)
Pitching: RHP Mike Frank
Batting: RHB Gustavo Pagán 0-0: Swinging Strike
0-1: Ball
1-1: Foul Ball, location: 2F
1-2: Grounds into double play, 6-4-3 (Groundball, 6)
Top of the 8th over - 0 run(s), 1 hit(s), 0 error(s), 0 left on base; Salem 3 - West Virginia 5
BOTTOM OF THE 8TH
West Virginia Power batting - Pitching for Salem Silver Souls : RHP Pat Wyatt
Batting: RHB Jesse McKnight 0-0: Ball
1-0: Ball
2-0: Ground out 5-3 (Groundball, 5L)
Batting: RHB Len Burke 0-0: Ball
1-0: Ball
2-0: Foul Ball, location: 2F
2-1: Called Strike
2-2: Ball
3-2: Base on Balls
Batting: LHB Júlio Martínez 0-0: Called Strike
0-1: Foul Ball, location: 2F
0-2: Fielders Choice at 2nd, 4-6 (Groundball, 34)
Batting: RHB Pablo Sandoval 0-0: Called Strike
0-1: Foul Ball, location: 2F
0-2: Ball
Júlio Martínez steals 2nd base
1-2: Ball
2-2: Ground out 5-3 (Groundball, 5S)
Bottom of the 8th over - 0 run(s), 0 hit(s), 0 error(s), 1 left on base; Salem 3 - West Virginia 5
TOP OF THE 9TH
Salem Silver Souls batting - Pitching for West Virginia Power : RHP Mike Frank
Pitching: RHP Germán Hernández
Batting: RHB Gabriel Miranda 0-0: Ball
1-0: Called Strike
1-1: Ball
2-1: Swinging Strike
2-2: Ball
3-2: Foul Ball, location: 2F
3-2: Base on Balls
Batting: RHB Jack Snyder 0-0: Swinging Strike
0-1: Swinging Strike
0-2: Ball
1-2: Strikes out looking
Batting: RHB Augusto Baiano 0-0: Called Strike
0-1: SINGLE (Line Drive, 34D)
Gabriel Miranda to second
Batting: SHB Francis Shaffer 0-0: Called Strike
0-1: Fielders Choice at 2nd, 3-6 (Groundball, 34)
Gabriel Miranda to third
Batting: LHB Nick Scott 0-0: Called Strike
0-1: Ground out U3 (Groundball, 3)
Top of the 9th over - 0 run(s), 1 hit(s), 0 error(s), 2 left on base; Salem 3 - West Virginia 5
Monday, December 5th, 2016 - OOTP Baseball 17.12 Build 75